 Seeded DCSS version 0.29-a0-553-g81b289dbe5 (webtiles) character file.

Game seed: 5197682552777129174 (custom seed)

9671 happo123 the Covert (level 11, 0/66 HPs)
             Began as a Kobold Enchanter on June 7, 2022.
             Was a Believer of Wu Jian.
             Slain by a polar bear (13 damage)
             ... in an ice cave.
             The game lasted 00:45:44 (10641 turns).

happo123 the Covert (Kobold Enchanter)             Turns: 10641, Time: 00:45:45

Health: 0/66       AC: 10    Str:  6    XL:     11   Next: 78%
Magic:  11/20      EV: 18    Int: 20    God:    Wu Jian [**....]
Gold:   355        SH:  0    Dex: 22    Spells: 12/23 levels left

rFire   + . .      SeeInvis .   P - +2 rapier of Dadugac {freeze, rF+}
rCold   . . .      Faith    .   g - orb {guile}
rNeg    . . .      Spirit   .   H - +0 acid dragon scales
rPois   .          Reflect  .   x - +0 helmet
rElec   .          Harm     .   (no cloak)
rCorr   +          Rampage  .   l - +0 pair of gloves
Will    .....                   F - +0 pair of boots
Stlth   +++++.....              h - amulet of magic regeneration
HPRegen 0.21/turn               L - ring of willpower
MPRegen 0.57/turn               y - +6 ring of dexterity

@: confusing by touch
A: small, no large weapons, nightstalker 3
a: Renounce Religion, Wall Jump


You were in an ice cave.
You worshipped Wu Jian.
Wu Jian was pleased with you.
You visited 2 branches of the dungeon, and saw 12 of its levels.
You also visited: Ice Cave.

You collected 505 gold pieces.
You spent 150 gold pieces at shops.

Inventory:

Hand Weapons
 B - a +3 dagger of venom
 D - a +2 vampiric dagger
 P - the +2 rapier of Dadugac (weapon) {freeze, rF+}
   (You found it on level 7 of the Dungeon)

   It freezes those it strikes, dealing additional cold damage.
   It can also slow down cold-blooded creatures.
   rF:        It protects you from fire.
Missiles
 W - a throwing net
Armour
 b - a +0 robe
 g - an orb of guile (worn)
 l - a +0 pair of gloves (worn)
 x - a +0 helmet (worn)
 F - a +0 pair of boots (worn)
 H - +0 acid dragon scales (worn)
 N - a +2 buckler of protection
Jewellery
 h - an amulet of magic regeneration (around neck)
 n - a ring of flight
 y - a +6 ring of dexterity (right hand)
 G - a ring of see invisible
 L - a ring of willpower (left hand)
 Q - an amulet of the acrobat
 U - a ring of fire
Wands
 v - a wand of charming (8)
 C - a wand of iceblast (23)
 K - a wand of mindburst (16)
 X - a wand of flame (12)
Scrolls
 d - 7 scrolls of teleportation {unknown}
 j - 2 scrolls of enchant weapon {unknown}
 o - a scroll of blinking {unknown}
 p - 4 scrolls of fog {unknown}
 q - 2 scrolls of fear
 r - 2 scrolls of enchant armour
 s - 4 scrolls of vulnerability
 w - 2 scrolls of noise
 J - a scroll of immolation
 M - a scroll of brand weapon
 O - 3 scrolls of summoning
 R - 2 scrolls of magic mapping
 S - 2 scrolls of amnesia
Potions
 a - 2 potions of degeneration {unknown}
 c - 2 potions of invisibility
 e - 2 potions of flight {unknown}
 i - a potion of resistance {unknown}
 k - 2 potions of lignification {unknown}
 m - 3 potions of heal wounds
 t - 3 potions of curing {unknown}
 u - 2 potions of berserk rage {unknown}
 z - a potion of might
 A - 3 potions of haste
 E - 2 potions of magic {unknown}
 I - a potion of cancellation {unknown}
 T - a potion of ambrosia {unknown}
 V - a potion of brilliance {unknown}


   Skills:
 + Level 6.5 Fighting
 + Level 8.0 Short Blades
 + Level 3.5 Armour
 + Level 7.5 Dodging
 + Level 9.6 Stealth
 + Level 6.5 Spellcasting
 * Level 9.2 Hexes
 + Level 5.9 Ice Magic


You had 12 spell levels left.
You knew the following spells:

 Your Spells              Type           Power      Damage    Failure   Level
a - Ensorcelled Hibernat  Hex/Ice        72%        N/A       1%          2
b - Confusing Touch       Hex            43%        N/A       1%          3
c - Tukima's Dance        Hex            43%        N/A       1%          3
d - Dazzling Flash        Conj/Hex       50%        N/A       9%          3

Your spell library contained the following spells:

 Spells                   Type           Power      Damage    Failure   Level
 Beastly Appendage        Tmut           12%        N/A       19%         1
 Wereblood                Tmut           6%         N/A       28%         2
 Gell's Gravitas          Tloc           6%         N/A       50%         3
 Spider Form              Tmut/Pois      6%         N/A       50%         3
 Teleport Other           Tloc           6%         N/A       50%         3
 Yara's Violent Unravell  Hex/Tmut       12%        3d7       61%         5
 Enfeeble                 Hex            21%        N/A       98%         7
 Dispersal                Tloc           3%         N/A       100%        6


Dungeon Overview and Level Annotations

Branches:
Dungeon (11/15)            Temple (1/1) D:7            Lair (0/6) D:10
    Orc (0/2) D:10          IceCv (1/1)

Altars:
Ashenzari
Cheibriados
Dithmenos
Elyvilon
Fedhas
Gozag
Hepliaklqana
Kikubaaqudgha
Makhleb
Nemelex Xobeh
Okawaru
Qazlal
Ru
Sif Muna
Trog
Uskayaw
Vehumet
Wu Jian
Xom
Yredelemnul
Zin
The Shining One

Shops:
D:2 =   D:6 =


Innate Abilities, Weirdness & Mutations

You are small and have problems with some larger weapons.
You are completely attuned to the shadows.


Message History

Aim: a wolf (chance to affect: 79%)
The wolf resists with significant effort.
The ice encasing you melts away. The wolf completely misses you.
The rime drake closely misses the wolf.
The wolf bites you.
You hear an angry growl.
Aiming: Ensorcelled Hibernation (safe; 1% risk of failure)
Press: ? - help, Q - select action, (/) - cycle Shift-Dir - straight line, f/p - wolf
Aim: a wolf (chance to affect: 79%)
The wolf looks drowsy...
The helpless wolf fails to defend itself.
You spit the wolf like a pig!!! You freeze the wolf!
You kill the wolf!
The Council accepts your kill.
You strike the helpless polar bear from behind!
You impale the polar bear!!
You kill the polar bear!
The Council accepts your kill.
Your Short Blades skill increases to level 8!
You catch the helpless rime drake completely off-guard!
You spit the rime drake like a pig!!! You freeze the rime drake.
You kill the rime drake!
The Council accepts your kill.
The polar bear growls angrily.
You see here a rime drake corpse.
You hit the polar bear but do no damage.
The polar bear is heavily wounded.
The polar bear misses you.
The polar bear claws you but does no damage. x2
You hit the polar bear but do no damage.
The polar bear is heavily wounded.
The polar bear bites you!
* * * LOW HITPOINT WARNING * * *
The polar bear claws you.
* * * LOW HITPOINT WARNING * * *
The polar bear claws you but does no damage.
Casting: Ensorcelled Hibernation (safe; 1% risk of failure)
Confirm with . or Enter, or press ? or * to list all spells.
Your hands begin to glow red.
The polar bear bites you!
You die...

#...∩...#
##.....##
##...##
##...#
#†.†##
#...##
##.†.##
##...#
##@.#
##.h##
#..##
#†.#
#....#
.....Y..
.........
..#......


You could see a polar bear.

Vanquished Creatures
  A two-headed ogre (D:8)
  2 death yaks (IceCv)
  Maggie (D:6)
  3 rime drakes
  2 polar bears (IceCv)
  3 wraiths (D:9)
  A wyvern (D:10)
  2 humans (D:10)
  2 vampires (D:9)
  9 yaks
  2 steam dragons
  Duvessa (D:4)
  A water moccasin (D:8)
  3 orc warriors
  The ghost of arpsito the Shield-Bearer, an amateur MiFi (D:3)
  3 centaurs
  5 ice beasts
  A sky beast (D:7)
  An ogre (D:6)
  3 wolves (IceCv)
  4 kobold brigands
  3 necrophages
  3 bullfrogs
  3 gnoll sergeants
  3 scorpions
  Dowan (D:4)
  3 jellies
  6 orc priests
  2 hounds
  A gnoll shaman (D:6)
  Ijyb (D:4)
  5 iguanas
  10 orc wizards
  A scorpion zombie (D:3)
  Robin (D:3)
  18 gnolls
  7 adders
  3 worms
  2 dart slugs
  28 orcs
  2 ball pythons (D:4)
  7 endoplasms
  2 giant cockroaches
  11 goblins
  6 hobgoblins
  4 jackals (D:3)
  25 kobolds
  2 quokkas
  A ball python zombie (D:3)
  4 frilled lizards
  A quokka zombie (D:3)
  3 rats
  A butterfly (D:7)
221 creatures vanquished.

Vanquished Creatures (collateral kills)
  3 gnolls
3 creatures vanquished.

Grand Total: 224 creatures vanquished

Notes
Turn   | Place    | Note
-------+----------+-------------------------------------------
     0 | D:1      | happo123 the Kobold Enchanter began the quest for the Orb.
     0 | D:1      | Reached XP level 1. HP: 10/10 MP: 3/3
   432 | D:1      | Reached XP level 2. HP: 15/15 MP: 5/5
   435 | D:1      | Learned a level 2 spell: Ensorcelled Hibernation
   806 | D:2      | Reached XP level 3. HP: 20/20 MP: 6/6
   810 | D:2      | Learned a level 3 spell: Confusing Touch
  1113 | D:2      | Found Joajunuw's Jewellery Shoppe.
  1575 | D:3      | Reached skill level 1 in Fighting
  1611 | D:3      | Noticed Robin
  1617 | D:3      | Reached XP level 4. HP: 20/25 MP: 3/7
  1618 | D:3      | Killed Robin
  1903 | D:3      | Found a radiant altar of Vehumet.
  2006 | D:3      | Found a basalt altar of Yredelemnul.
  2037 | D:3      | Reached skill level 1 in Ice Magic
  2037 | D:3      | Reached XP level 5. HP: 20/29 MP: 7/9
  2349 | D:3      | Found a faded altar of an unknown god.
  2453 | D:3      | Found a runed translucent door.
  2459 | D:3      | Noticed arpsito's ghost (amateur MiFi)
  2466 | D:3      | Killed arpsito's ghost
  2467 | D:3      | Reached XP level 6. HP: 34/35 MP: 8/10
  2807 | D:4      | Reached skill level 5 in Stealth
  3340 | D:4      | Learned a level 3 spell: Tukima's Dance
  3362 | D:4      | Reached XP level 7. HP: 40/40 MP: 10/12
  3375 | D:4      | Noticed Dowan
  3377 | D:4      | Noticed Duvessa
  3379 | D:4      | Killed Dowan
  3390 | D:4      | Killed Duvessa
  3493 | D:4      | Noticed Ijyb
  3496 | D:4      | Killed Ijyb
  4070 | D:5      | Entered Level 5 of the Dungeon
  4098 | D:5      | Reached skill level 5 in Hexes
  4098 | D:5      | Reached XP level 8. HP: 45/45 MP: 13/13
  4331 | D:5      | Found a shimmering altar of Xom.
  4932 | D:5      | Found an iron altar of Okawaru.
  5281 | D:6      | Found Qaost's Jewellery Shoppe.
  5304 | D:6      | Bought a ring of see invisible for 150 gold pieces
  5320 | D:6      | Noticed Maggie
  5330 | D:6      | Killed Maggie
  5331 | D:6      | Reached skill level 5 in Short Blades
  5331 | D:6      | Reached skill level 5 in Dodging
  5331 | D:6      | Reached XP level 9. HP: 52/52 MP: 13/15
  5335 | D:6      | Learned a level 3 spell: Dazzling Flash
  5881 | D:7      | Found an ornate altar of the Wu Jian Council.
  5894 | D:7      | Became a worshipper of the Wu Jian Council
  5942 | D:7      | Reached skill level 1 in Armour
  5982 | D:7      | Reached skill level 5 in Spellcasting
  6218 | D:7      | Reached XP level 10. HP: 56/58 MP: 13/17
  6223 | D:7      | Reached * piety under Wu Jian
  6323 | D:7      | Found a broken altar of Ashenzari.
  6326 | D:7      | Identified the +2 rapier of Dadugac {freeze, rF+}
  6547 | D:7      | Found a glowing golden altar of the Shining One.
  6547 | D:7      | Found a white marble altar of Elyvilon.
  6549 | D:7      | Found a glowing silver altar of Zin.
  6592 | D:7      | Found a staircase to the Ecumenical Temple.
  6598 | Temple   | Entered the Ecumenical Temple
  6918 | D:7      | Found an ornate altar of the Wu Jian Council.
  7004 | D:6      | Found a snail-covered altar of Cheibriados.
  7004 | D:6      | Found a bloodstained altar of Trog.
  7332 | D:8      | Reached skill level 5 in Fighting
  7418 | D:8      | Noticed a two-headed ogre
  7422 | D:8      | Killed a two-headed ogre
  8265 | D:9      | Reached ** piety under Wu Jian
  8362 | D:9      | Found a shadowy altar of Dithmenos.
  8385 | D:9      | Reached skill level 5 in Ice Magic
  8484 | D:9      | Reached XP level 11. HP: 36/64 MP: 17/19
  9183 | D:9      | Found a sparkling altar of Nemelex Xobeh.
  9344 | D:10     | Entered Level 10 of the Dungeon
  9510 | D:10     | Found a staircase to the Orcish Mines.
  9622 | D:10     | Identified the +4 long sword of the Blushing Vulture
                  | {vorpal, rPois}
  9837 | D:10     | Found a staircase to the Lair.
 10179 | D:10     | Identified a scroll of acquirement
 10182 | D:10     | Acquired a book of Misfortune
 10574 | D:11     | Found a frozen archway.
 10581 | IceCv    | Entered an ice cave
 10597 | IceCv    | Noticed a death yak
 10599 | IceCv    | Noticed a death yak
 10613 | IceCv    | Killed a death yak
 10621 | IceCv    | Killed a death yak
 10631 | IceCv    | HP: 1/66 [polar bear (10)]
 10641 | IceCv    | Slain by a polar bear

Illustrated notes

Levels and vault maps discovered:
D:1:      dpeg_arrival_oval, layout_basic, chequers_serial_rivers_micro_c
D:2:      layout_basic, serial_shops,
          nicolae_shop_temple_entry_statues_fountains
D:3:      layout_basic, nicolae_vehumet_radiance,
          nicolae_yredelemnul_corpse_copse, ebering_ghost_reflecting_pool,
          dreamdust_ecumenical_altar_angels_and_demons,
          minmay_stone_trees_medium, uniq_robin
D:4:      layout_gridville, uniq_duvessa, uniq_ijyb
D:5:      layout_cave_pools, mainiacjoe_overflow_boulevard,
          kennysheep_okawaru_gauntlet
D:6:      layout_rooms, nicolae_overflow_hidden_temple, serial_shops,
          nicolae_square_shop, uniq_maggie
D:7:      layout_rooms, dreamdust_divine_triumvirate,
          lemuel_coloured_pillars_altar, minmay_temple_entry_butterflies,
          kennysheep_minor_cross, hangedman_feature_mirror
D:8:      layout_basic
D:9:      layout_loops_ring, nemelex_spade_bored_becter, lemuel_round_altar
D:10:     nicolae_cairo_tiling, layout_layer_cave, minmay_ruffians
D:11:     layout_cave_pods, serial_ice, serial_ice_m, serial_ice_c,
          serial_ice_n, serial_ice_f, portal_ice_cave_rime, uniq_josephine
Temple:   jpeg_temple_alley_garden
IceCv:    ice_cave_small_giant

Skill      XL: |  1  2  3  4  5  6  7  8  9 10 11 |
---------------+----------------------------------+-----
Fighting       | 1 2 4 5 6 |  6.5
Short Blades   | 2 3 5 7 8 |  8.0
Dodging        | 3 4 5 6 7 |  7.5
Ice Magic      | 1 2 3 4 5 |  5.9
Spellcasting   | 3 4 5 6 |  6.5
Hexes          | 4 5 6 7 8 9 |  9.2
Stealth        | 5 6 7 8 9 |  9.6
Armour         | 1 2 3 |  3.5

Action                   |  1- 3 |  4- 6 |  7- 9 | 10-12 || total
-------------------------+-------+-------+-------+-------++-------
Melee: Dagger            |    29 |    89 |   120 |     4 ||   242
       Rapier            |       |       |       |   140 ||   140
 Cast: Ensorcelled Hiber |    10 |    29 |    66 |    56 ||   161
       Confusing Touch   |       |     6 |     6 |     8 ||    20
       Tukima's Dance    |       |       |     2 |     1 ||     3
Invok: Lunge             |       |       |     6 |    32 ||    38
       Whirlwind         |       |       |       |     7 ||     7
  Use: Scroll            |       |       |       |    13 ||    13
       Potion            |       |       |       |     2 ||     2
 Stab: Sleeping          |    17 |    41 |    58 |    58 ||   174
       Distracted        |     1 |       |     1 |     2 ||     4
       Confused          |       |     2 |     7 |     9 ||    18
       Invisible         |       |       |       |     3 ||     3
Armor: Robe              |     1 |    14 |    11 |       ||    26
       Acid dragon scale |       |       |     6 |    32 ||    38
Dodge: Dodged            |    12 |    49 |    78 |    95 ||   234

Table legend: (Time is in decaauts)
 A = Elapsed time spent in this place.
 B = Non-inter-level travel time spent in this place.
 C = Inter-level travel time spent in this place.
 D = Time resting spent in this place.
 E = Time spent auto-exploring this place.
 F = Levels seen in this place.
 G = Mean time per level.
                   A        B        C        D        E       F      G
               +--------+--------+--------+--------+--------+-----+--------+
         Total |  10583 |   9602 |    981 |    256 |   7902 |  13 |  814.1 |
       Dungeon |  10223 |   9300 |    923 |    256 |   7661 |  11 |  929.4 |
        Temple |    305 |    247 |     58 |      0 |    241 |   1 |  305.0 |
      Ice Cave |     54 |     54 |      0 |      0 |      0 |   1 |   54.0 |
               +--------+--------+--------+--------+--------+-----+--------+

Top non-repeatable levels by time:
     D:4: 1484 daAuts
     D:3: 1224 daAuts
    D:10: 1173 daAuts
     D:8: 1162 daAuts
     D:9: 1156 daAuts
     D:2: 985 daAuts
     D:5: 921 daAuts
     D:7: 844 daAuts
     D:6: 678 daAuts
     D:1: 576 daAuts
  Temple: 305 daAuts
   IceCv: 54 daAuts
    D:11: 16 daAuts
